Map: Dasan Station LE

Players

edge

  • Race: Terran Terran
  • League: Gold

Nickos - Winner!

  • Race: Terran Terran

VOD

Have the link to the VOD?

Description

Time

  • Played on: Sept. 15, 2016, 10:47 a.m.
  • Length: 11:20
Show
View Real Time Build Order
Export as new Build Order

edge Terran 

Build Orders: MMM Bio 

Get SALT Encoding   

  12  0:03  SCV  
  13  0:15  SCV  
  13  0:20  Supply Depot  
  14  0:27  SCV  
  15  0:41  SCV  
  16  0:43  Barracks  
  16  0:53  SCV  
  17  1:00  Supply Depot  
  17  1:06  SCV  
  18  1:20  SCV  
  19  1:32  Marine  
  20  1:34  Command Center  
  20  1:36  Refinery  
  20  1:38  SCV  
  21  1:50  SCV  
  21  1:53  Marine  
  23  1:56  Refinery  
  23  2:02  Orbital Command  
  23  2:11  Marine  
  24  2:19  Barracks  
  24  2:28  Marine, SCV  
  26  2:40  SCV  
  27  2:47  Factory  
  27  2:50  SCV  
  28  2:52  SCV  
  29  2:59  Refinery  
  29  3:01  Refinery  
  29  3:05  SCV  
  29  3:10  SCV  
  31  3:18  SCV  
  32  3:21  Barracks Tech Lab  
  32  3:22  SCV  
  33  3:30  SCV  
  33  3:32  Factory Tech Lab  
  34  3:39  Starport  
  34  3:42  SCV  
  34  3:44  Engineering Bay  
  34  3:45  SCV  
  36  3:56  SCV  
  36  3:57  SCV  
  36  4:00  Marine x2  
  40  4:10  Siege Tank  
  40  4:15  Orbital Command  
  43  4:18  Marine  
  43  4:20  Stimpack  
  44  4:28  Supply Depot  
  44  4:29  Marine  
  45  4:42  Supply Depot  
  45  4:46  Missile Turret  
  45  4:48  Missile Turret  
  45  4:49  Medivac  
  45  4:50  Marine x2  
  49  5:03  Widow Mine  
  41  5:35  Siege Tank  
  44  5:36  Starport Reactor  
  44  5:43  Sensor Tower  
  44  5:46  SCV x2  
  46  5:55  Supply Depot  
  46  5:57  Supply Depot, Marine x2  
  46  5:58  SCV x2  
  46  6:01  Liberator x2  
  50  6:15  Marine x2  
  50  6:16  Siege Tank  
  61  6:22  SCV  
  61  6:23  SCV  
  63  6:31  Factory  
  63  6:34  SCV  
  63  6:35  Barracks, SCV  
  65  6:40  Command Center  
  65  6:47  SCV x2  
  67  6:55  Marauder, Marine  
  67  6:56  Siege Tank  
  73  7:04  Combat Shields  
  73  7:05  SCV x2  
  75  7:12  Marine  
  75  7:16  Marine  
  75  7:17  SCV  
  74  7:50  Missile Turret, SCV  
  74  7:51  Marine x2, SCV  
  76  7:52  Sensor Tower, Marine  
  76  7:54  Siege Tank  
  82  8:03  SCV x2  
  84  8:08  Factory Tech Lab  
  84  8:09  Marine x3  
  84  8:10  Viking x2  
  91  8:15  SCV  
  92  8:27  Marine  
  93  9:23  Marine x2  
  93  9:24  SCV  
  93  9:26  Siege Tank  
  93  9:38  Missile Turret  
  93  9:43  Missile Turret  
  93  9:49  Missile Turret  
  93  9:50  Missile Turret  
  93  9:53  Missile Turret  
  93  10:12  Command Center  
  93  10:16  Command Center  
  93  10:34  Sensor Tower  
  93  10:52  Supply Depot  
  93  10:53  Supply Depot  
  93  10:54  Supply Depot  
  93  10:55  Supply Depot x2  
  93  10:57  Supply Depot  
  93  11:03  SCV  
Show
View Real Time Build Order
Export as new Build Order

Nickos Terran - Winner!

Build Orders:  

Get SALT Encoding   

  12  0:01  SCV  
  13  0:13  SCV  
  14  0:17  Supply Depot  
  14  0:25  SCV  
  15  0:39  SCV  
  15  0:40  Barracks  
  16  0:51  SCV  
  17  1:03  SCV  
  18  1:15  SCV  
  19  1:25  Command Center  
  19  1:30  Orbital Command  
  19  1:33  Marine  
  20  1:44  Barracks  
  20  1:53  Marine  
  21  1:56  Supply Depot  
  21  1:58  SCV  
  22  2:10  SCV  
  23  2:17  Marine  
  23  2:20  Barracks  
  23  2:22  SCV  
  25  2:25  Refinery x2  
  25  2:34  SCV  
  25  2:36  Marine  
  25  2:37  Marine  
  28  2:45  Orbital Command  
  28  2:46  SCV  
  29  2:54  Marine  
  29  2:57  Marine  
  31  2:58  SCV  
  32  3:08  Barracks Tech Lab  
  32  3:10  SCV  
  33  3:13  SCV  
  34  3:20  Factory  
  34  3:22  Barracks Reactor  
  34  3:23  SCV  
  34  3:25  SCV  
  36  3:32  Barracks Reactor  
  36  3:35  SCV  
  36  3:37  SCV  
  36  3:39  Marine  
  39  3:47  SCV  
  40  3:49  SCV  
  40  3:50  Stimpack  
  41  3:56  Marine  
  41  3:58  Marine x2  
  44  4:05  SCV x2  
  46  4:11  Factory Reactor  
  46  4:18  Supply Depot  
  46  4:20  Starport, Supply Depot  
  46  4:32  Supply Depot  
  46  4:39  SCV x2, Supply Depot, Marine x5  
  46  4:43  Supply Depot  
  53  4:46  Supply Depot  
  53  4:51  SCV  
  53  4:52  SCV  
  55  4:57  Marine x2  
  57  5:01  Marine x3  
  57  5:03  Factory Reactor  
  57  5:04  SCV x2  
  62  5:08  Engineering Bay  
  62  5:10  Engineering Bay  
  62  5:11  Refinery  
  62  5:16  SCV x2  
  55  5:24  Marine x3  
  55  5:25  Marine x2  
  58  5:30  Medivac x2  
  58  5:34  SCV x2  
  64  5:35  Terran Infantry Weapons Level 1  
  64  5:42  Marine x3  
  66  5:48  Terran Infantry Armor Level 1  
  67  5:52  SCV x2  
  69  5:57  Marine  
  69  6:00  Command Center  
  70  6:06  Medivac  
  70  6:07  Medivac, Barracks  
  70  6:08  SCV x2  
  76  6:15  Marine x2  
  76  6:16  Marine x3  
  81  6:22  Armory  
  81  6:24  Supply Depot  
  81  6:25  SCV  
  82  6:26  SCV  
  83  6:33  Marine  
  83  6:37  Barracks  
  84  6:40  SCV x2  
  84  6:41  Marine x2  
  84  6:42  Barracks, Marine  
  89  7:00  SCV x2  
  89  7:01  Marine x4  
  92  7:02  Medivac x2  
  92  7:05  Barracks  
  99  7:12  SCV  
  100  7:28  SCV x2  
  103  7:30  Orbital Command  
  102  7:41  Marine x2  
  102  7:42  Marine x4  
  102  7:43  Medivac x2  
  112  7:49  SCV x2  
  114  8:00  Marine x2  
  114  8:01  SCV  
  114  8:03  Terran Infantry Weapons Level 2, Terran Infantry Armor Level 2  
  117  8:07  Marine  
  117  8:08  Barracks Reactor, Marine  
  117  8:09  Marine  
  117  8:11  Marine  
  117  8:27  Marine  
  117  8:30  Marine  
  117  8:56  Marine  
  117  8:57  SCV, Marine  
  117  8:58  Marine x2  
  117  8:59  Marine x2  
  117  9:00  Marine, SCV  
  117  9:01  Marine  
  117  9:02  SCV  
  117  9:03  Medivac  
  117  9:08  Command Center  
  116  9:10  Marine  
  116  9:11  Command Center  
  116  9:15  Marine, SCV  
  117  9:17  Marine  
  117  9:19  Marine  
  117  9:20  Marine  
  117  9:21  Marine  
  117  9:22  Marine  
  117  9:23  Marine  
  117  9:24  Marine  
  117  10:19  Marine x8  
  117  10:20  Medivac x2, SCV x3  
  132  10:23  Marine  
  133  10:32  SCV x2  
  135  10:37  Marine x3  
  138  10:49  Medivac x2  
Tags
 
Composition
MMM Bio
League
Gold
Matchup
TvT
Race
Terran
Replay Pack
Nickos replay
Add a new tag
Caveats
  • Supply blocks, unpowered buildings, or Contaminate may cause inaccurate times.
  • Supply counts are checked every 10 seconds.